[Event "*** Titled Tuesday Blitz"]
[Site "Chess.com"]
[Date "2021.02.09"]
[Round "9"]
[White "GelmanAlexander"]
[Black "Kislov_Oleg"]
[Result "1-0"]
[WhiteElo "2613"]
[BlackElo "2494"]
[TimeControl "180+1"]
[EndTime "11:45:27 PST"]
[Termination "GelmanAlexander won on time"]

1. d4 d5 2. Nc3 Nf6 3. Bf4 c6 4. f3 Bf5 5. g4 Bg6 6. h4 h5 7. g5 Nfd7 8. e4 e6 9. Nge2 b5 10. Bh3 Nb6 11. a3 Bd6 12. O-O Qc7 13. Bxd6 Qxd6 14.
e5 Qe7 15. Nf4 N8d7 16. Nce2 Bf5 17. Bxf5 exf5 18. e6 Nf8 19. exf7+ Kxf7 20. Qd3 g6 21. Rae1 Qd6 22. Kg2 Nfd7 23. b3 Rae8 24. Qd2 Re7 25. Nd3 Rhe8 26. Nef4 a6 27. Rxe7+ Rxe7 28. Qc1 c5 29. dxc5 Nxc5 30. Re1 Nxd3 31. Nxd3 d4 32. Rxe7+ Qxe7 33. Qd2 Nd5 34. Kf2 Qd6 35. f4 Ne3 36.
Ne5+ Kg7 37. c3 Qd5 38. Qxd4 Qxd4 39. cxd4 Nc2 40. d5 Nxa3 41. d6 Kf8 42. Nxg6+ Ke8 43.
Ne5 a5 44. d7+ Ke7 45. g6 1-0

[Event "*** Titled Tuesday Blitz"]
[Site "Chess.com"]
[Date "2021.02.09"]
[Round "9"]
[White "SaraciNderim"]
[Black "Alex-11211"]
[Result "1-0"]
[WhiteElo "2770"]
[BlackElo "2412"]
[TimeControl "180+1"]
[EndTime "11:45:29 PST"]
[Termination "SaraciNderim won on time"]

1. b3 Nf6 2. Bb2 g6 3. e3 Bg7 4. Nf3 O-O 5. d4 d6 6. c4 Nbd7 7. g3 e5 8. Bg2 Re8 9. O-O e4 10. Nfd2 Nf8 11. d5 Bf5 12. Nc3 h5 13. Ne2 N8h7 14.
Nd4 Bg4 15. Qc2 Ng5 16. h4 Ngh7 17. Nxe4 Bf5 18. Nxf5 gxf5 19. Nxf6+ Bxf6 20. Rae1 Bxb2 21. Qxb2 Qf6 22. Qe2 Qg6 23. Qf3 Nf6 24. Qf4 Ne4 25.
Re2 Re5 26. Bf3 Rae8 27. Rfe1 b6 28. Kg2 Kg7 29. Rc2 a5 30. Rd1 Nc5 31. Qg5 Qxg5 32.
hxg5 Kg6 33. Rh1 Rh8 34. Rh4 Ree8 35. Rc1 Rh7 36. Rch1 Reh8 37. Bd1 Kxg5 38. Bc2 Re8 39. Rf4 Re5 40. Rfh4 Re8 41. Bd1 Reh8 42. Rf4 Re8 43.
Bc2 Re5 44. a3 Nd7 45. b4 axb4 46. axb4 Nf6 47. Ra1 b5 48. Rd4 bxc4 49. f4+ Kg6 50. fxe5 dxe5 51. Rxc4 Nxd5 52. Rc5 Nxe3+ 53. Kf3 Ng4 54.
Rxc7 Kg5 55. Raa7 e4+ 56. Ke2 h4 57. Rxf7 Rxf7 58. Rxf7 hxg3 59. Rg7+ Kf4 60. Ra7 g2 61. Ra1 Kg3 62. b5 Ne5 63. b6 Nc6 64. b7 Nd4+ 65.
Kd2 e3+ 66. Kd3 Nxc2 67. b8=Q+ Kf2 68. Kxc2 1-0

[Event "*** Titled Tuesday Blitz"]
[Site "Chess.com"]
[Date "2021.02.09"]
[Round "9"]
[White "Deepweb2020"]
[Black "agartha01"]
[Result "0-1"]
[WhiteElo "2457"]
[BlackElo "2359"]
[TimeControl "180+1"]
[EndTime "11:45:29 PST"]
[Termination "agartha01 won on time"]

1. d4 Nf6 2. c4 e6 3. g3 Bb4+ 4. Bd2 Bxd2+ 5. Nxd2 d5 6. Bg2 O-O 7. e3 c6 8. Ne2 Nbd7 9. O-O b6 10. a3 Ba6 11. b3 Re8 12. e4 dxc4 13. bxc4 e5 14.
d5 cxd5 15. cxd5 Nc5 16. f3 Qd7 17. g4 Rac8 18. Ng3 Bxf1 19. Bxf1 Red8 20. Nc4 Qe8 21. g5 Nfd7 22. Nd6 Qe7 23. Nxc8 Rxc8 24. h4 g6 25. Rc1 f6 26. Qd2 Rf8 27. d6 Qd8 28. Kg2 Kg7 29. Bc4 fxg5 30. hxg5 h5 31. gxh6+ Kh7 32.
Qd5 Qf6 33. Rf1 Qf4 34. Qe6 Nxe6 35. Bxe6 Nc5 36. Bg4 Qd2+ 37. Rf2 Qxd6 38. Nf1 Nd3 39. Rd2 Qxa3 40. Ne3 Nf4+ 41. Kf2 Kxh6 42. Bd7 Rd8 43.
Ng4+ Kg7 44. Nxe5 Qc5+ 45. Kg3 Qxe5 46. Kf2 Ne6 47. Rd5 Qb2+ 48. Kg3 Nc5 0-1

[Event "*** Titled Tuesday Blitz"]
[Site "Chess.com"]
[Date "2021.02.09"]
[Round "9"]
[White "oneshot007"]
[Black "XDPS"]
[Result "1/2-1/2"]
[WhiteElo "2570"]
[BlackElo "2742"]
[TimeControl "180+1"]
[EndTime "11:45:30 PST"]
[Termination "Game drawn by repetition"]

1. e4 e5 2. Nf3 Nc6 3. d4 exd4 4. Nxd4 Bc5 5. Nxc6 bxc6 6. Bd3 Qh4 7. O-O Nf6 8.
Qf3 O-O 9. e5 Ng4 10. Bf4 d6 11. h3 Nxe5 12. Bxe5 dxe5 13. Qxc6 e4 14. Qxc5 exd3 15.
cxd3 Rb8 16. Nc3 Ba6 17. Nd5 Bxd3 18. Rfe1 Kh8 19. Rad1 Bg6 20. b3 Qg5 21. Qxc7 Rbc8 22. Qxa7 Ra8 23. Qc5 Rfc8 24. Qd4 Rxa2 25. h4 Qd8 26.
Qg4 Raa8 27. Ne7 Qf8 28. Nxc8 Rxc8 29. Rd7 f5 30. Qd4 Rb8 31. Ree7 h6 32. Rxg7 Rb4 33. Rxg6+ Rxd4 34. Rxd4 Kh7 35. Rgd6 Qb8 36. b4 Qb5 37. h5 Qe2 38. Rd7+ Kg8 39. Rd8+ Kf7 40. R4d7+ Kf6 41. Rd6+ Kg5 42. Rd4 Qe1+ 43. Kh2 Qxf2 44. b5 Kxh5 45.
b6 f4 46. b7 Qg3+ 47. Kg1 Qe1+ 48. Kh2 Qh4+ 49. Kg1 Qe1+ 50. Kh2 Qg3+ 51. Kg1 Qe1+ 1/2-1/2

[Event "*** Titled Tuesday Blitz"]
[Site "Chess.com"]
[Date "2021.02.09"]
[Round "9"]
[White "vladimirdamjanovic"]
[Black "Mr_Sinigami"]
[Result "0-1"]
[WhiteElo "2514"]
[BlackElo "2646"]
[TimeControl "180+1"]
[EndTime "11:45:30 PST"]
[Termination "Mr_Sinigami won by checkmate"]

1. d4 Nf6 2. Nc3 d5 3. Bf4 a6 4. e3 Bf5 5. Bd3 Bg6 6. h4 e6 7.
h5 Bxd3 8. cxd3 h6 9. Nf3 c5 10. dxc5 Bxc5 11. d4 Be7 12. Ne5 O-O 13. Qd3 Nfd7 14.
f3 Nxe5 15. Bxe5 Nc6 16. Bf4 Rc8 17. Kf2 Bd6 18. g3 e5 19. dxe5 Bxe5 20. Nxd5 Bxf4 21. Nxf4 Qb6 22. Qe2 Ne5 23. Rhd1 Rfe8 24. Rac1 Rxc1 25. Rxc1 Qa5 26. b3 Nd7 27. Qe1 Qxa2+ 28. Qe2 Qxb3 29. Rc7 Ne5 30. g4 a5 31. Qd2 a4 32. Qd5 Qxd5 33.
Nxd5 Ra8 34. Nb6 Ra6 35. Rc8+ Kh7 36. Rc5 a3 37. Rxe5 a2 38. Nd7 a1=Q 39. Nf8+ Kg8 40. Re8 Ra8 41. Rxa8 Qxa8 42. Nd7 Qa2+ 43. Kg3 Qd5 44. Nb6 Qd6+ 45. f4 Qxb6 46. Kh4 Qxe3 47. f5 Qf3 48. f6 gxf6 49. g5 fxg5# 0-1

[Event "*** Titled Tuesday Blitz"]
[Site "Chess.com"]
[Date "2021.02.09"]
[Round "9"]
[White "DonPreuss"]
[Black "Kotofeyca"]
[Result "0-1"]
[WhiteElo "2252"]
[BlackElo "2445"]
[TimeControl "180+1"]
[EndTime "11:45:30 PST"]
[Termination "Kotofeyca won on time"]

1. d4 d5 2. e4 c6 3. Nc3 dxe4 4.
f3 Nf6 5. Nxe4 Nxe4 6. fxe4 e5 7. Nf3 exd4 8. Bc4 Bb4+ 9. Bd2 Bxd2+ 10. Qxd2 O-O 11.
O-O Nd7 12. Qxd4 Nb6 13. Qc3 Nxc4 14. Qxc4 Be6 15. Qc3 Qb6+ 16. Kh1 h6 17. Rad1 Rad8 18. a3 Rxd1 19. Rxd1 Rd8 20. Rf1 Qa6 21. Kg1 Qe2 22. h3 Qxe4 23. Re1 Qf4 24. b4 Rd5 25. Rf1 Rf5 26. Qd3 Bc4 27. Qd8+ Kh7 28. Rf2 Bd5 29. Qe7 Rf6 30. Qe2 Qc1+ 31. Kh2 Qf4+ 32. Kg1 Qg3 33. Qd2 Bxf3 34. Qd3+ Kg8 35. Rxf3 Rxf3 36. Qxf3 Qxf3 37. gxf3 f5 38. Kf2 Kf7 39. Ke3 Ke6 40. f4 g5 41. c4 b6 42. Kf3 c5 43. b5 Kf6 44.
Kg3 Kg6 45. Kf3 Kh5 46. Kg3 Kg6 47. Kf3 Kf6 48. Kg3 gxf4+ 49. Kxf4 Kg6 50. h4 Kf6 0-1

[Event "*** Titled Tuesday Blitz"]
[Site "Chess.com"]
[Date "2021.02.09"]
[Round "9"]
[White "volunteers1998"]
[Black "PushingpawnsNYC"]
[Result "1-0"]
[WhiteElo "2084"]
[BlackElo "2287"]
[TimeControl "180+1"]
[EndTime "11:45:30 PST"]
[Termination "volunteers1998 won on time"]

1. e4 c5 2. Nf3 e6 3. d4 cxd4 4. Nxd4 a6 5. Nc3 Bb4 6. Bd2 Qc7 7. Bd3 Nf6 8. O-O Nc6 9. Nxc6 bxc6 10. Qf3 d6 11.
Qg3 g6 12. Bg5 Nh5 13. Qh4 h6 14. Bd2 Qe7 15. Qxe7+ Kxe7 16. a3 Bxc3 17. Bxc3 e5 18. g3 Bh3 19. Rfe1 Rhf8 20. f4 exf4 21. e5 d5 22.
Bb4+ Ke6 23. Bxf8 Rxf8 24. gxf4 Nxf4 25. Bxa6 c5 26. Bf1 Bf5 27. c3 c4 28. Kf2 Bd3 29. a4 Ra8 30. a5 Bxf1 31. Kxf1 Nd3 32. Re2 Nc5 33. a6 Rxa6 34. Rxa6+ Nxa6 35. Rf2 Nc5 36.
Rf6+ Kxe5 37. Rxf7 Nd3 38. Rb7 h5 39. Ke2 g5 40. b4 Nf4+ 41. Kf3 d4 42. cxd4+ Kxd4 43. b5 Kc5 44. Rg7 Ne6 45. Rg6 g4+ 46. Ke4 Nc7 47.
Rg5+ Kb4 48. b6 Na6 49. b7 c3 50. Kd3 Kb3 51. Rb5+ Ka4 52. b8=Q 1-0

[Event "*** Titled Tuesday Blitz"]
[Site "Chess.com"]
[Date "2021.02.09"]
[Round "9"]
[White "NoGalloNoParty"]
[Black "Pantata007"]
[Result "1-0"]
[WhiteElo "2357"]
[BlackElo "2225"]
[TimeControl "180+1"]
[EndTime "11:45:31 PST"]
[Termination "NoGalloNoParty won on time"]

1. d4 d5 2. Nf3 Nf6 3. c4 c6 4.
Qc2 dxc4 5. Qxc4 Bf5 6. Bf4 Nbd7 7. e3 e6 8. Be2 Qa5+ 9. Nc3 Nd5 10. Bg3 Bb4 11. Rc1 N7b6 12. Qb3 O-O 13. O-O Nxc3 14.
bxc3 Ba3 15. Rcd1 Qa4 16. Nd2 h6 17. e4 Bg6 18. f3 Rfd8 19. Nc4 Qxb3 20. axb3 Nxc4 21.
Bxc4 Bb2 22. Be1 b5 23. Bd3 a5 24. Rf2 Ba3 25. Ra2 b4 26. cxb4 Bxb4 27. Bf2 f5 28. e5 Bf7 29. Rc1 c5 30. Rc4 cxd4 31. Bxd4 Rac8 32.
Rxc8 Rxc8 33. Bc4 Kf8 34. Kf2 Ke8 35. f4 Kd7 36. Ke3 Kc6 37. Rc2 Kb7 38. Ra2 Rc7 39.
Be2 Rc6 40. Bf3 Be8 41. Rc2 Kc7 42. Bxc6 Bxc6 43. Bc3 Kb7 44. Bxb4 axb4 45. g3 Bd5 46. Rb2 g5 47. Kd4 g4 48. Kc5 h5 49. Kxb4 Bc6 50.
Rd2 Be4 51. Rd6 Bd5 52. Rxd5 Kc7 53. Kc5 1-0

[Event "*** Titled Tuesday Blitz"]
[Site "Chess.com"]
[Date "2021.02.09"]
[Round "9"]
[White "Gabrielian_Artur"]
[Black "DanielDardha2005"]
[Result "1-0"]
[WhiteElo "2824"]
[BlackElo "2703"]
[TimeControl "180+1"]
[EndTime "11:45:33 PST"]
[Termination "Gabrielian_Artur won by resignation"]

1. c4 c5 2. g3 Nc6 3. Bg2 g6 4. Nc3 Bg7 5. Nf3 e5 6. d3 d6 7. O-O Nge7 8. Ne1 Be6 9. Nd5 O-O 10. Nc2 Rb8 11. a4 a5 12. Nce3 f5 13. Nxe7+ Qxe7 14. Nd5 Qf7 15. e3 Nb4 16. Nxb4 axb4 17. b3 d5 18. Bb2 Rbd8 19. Qe2 e4 20. Bxg7 Kxg7 21.
cxd5 Bxd5 22. dxe4 fxe4 23. Rac1 Rc8 24. Qb5 Bxb3 25. Bxe4 Bd5 26. Bxd5 Qxd5 27. a5 Rfd8 28. h4 b3 29. Rfd1 Qxd1+ 30. Rxd1 Rxd1+ 31. Kg2 Rc7 32. Qxb3 Rd6 33. Qc3+ Kg8 34. Qc4+ Kg7 35. Qc3+ Kf7 36. Qe5 Rcc6 37. Qf4+ Ke7 38. Qe4+ Kd7 39. Qc4 Kc7 40.
g4 Kb8 41. f4 Rd2+ 42. Kf3 Rb2 43. f5 gxf5 44. gxf5 Rb4 45. Qg8+ Ka7 46. Qg7 c4 47. f6 c3 48. f7 Rb1 49. Qd4+ Ka6 50. Qd3+ Kxa5 51. Qxb1 Rf6+ 52. Ke4 Rxf7 53. Qa2+ Kb4 54.
Qxf7 c2 55. Qc7 Kb3 56. Kd3 c1=Q 57. Qxc1 1-0

[Event "*** Titled Tuesday Blitz"]
[Site "Chess.com"]
[Date "2021.02.09"]
[Round "9"]
[White "WPWPWP-2015"]
[Black "GM_Huschenbeth"]
[Result "1/2-1/2"]
[WhiteElo "2490"]
[BlackElo "2599"]
[TimeControl "180+1"]
[EndTime "11:45:33 PST"]
[Termination "Game drawn by repetition"]

1. e4 c5 2. Nf3 d6 3. d4 cxd4 4. Nxd4 Nf6 5. Nc3 a6 6. h3 e5 7. Nde2 h5 8. Nd5 Nxd5 9. Qxd5 Nd7 10. Be3 Nf6 11. Qd3 d5 12. exd5 Qxd5 13. Nc3 Bb4 14.
O-O-O Qxd3 15. Bxd3 Bxc3 16. bxc3 Be6 17. Rhe1 Nd7 18.
Be4 Rc8 19. Bxb7 Rxc3 20. Bxa6 Ra3 21. Bb5 Rxa2 22. Bc5 Ra1+ 23. Kd2 Ra5 24. Bxd7+ Kxd7 25. Rxe5 Kc6 26. Bd4 Rxe5 27. Bxe5 Rd8+ 28. Ke1 Rxd1+ 29. Kxd1 g6 30. h4 Kd5 31. Bf6 Kc4 32. Kd2 Bf5 33.
c3 Be6 34. Ke3 Bd5 35. f3 Be6 36. Bd4 Bd5 37. Kf4 Be6 38. g4 Bd5 39. Kg3 Kd3 40.
Kf4 Kc4 41. Be5 Kd3 42. Bf6 Kc4 43. Ke3 Be6 44. Kf4 Bd5 45. gxh5 gxh5 46. Ke3 Be6 47.
Ke4 Bd5+ 48. Kf4 Kd3 49. Bd4 Kc4 50. Be5 Kd3 51. Bg7 Kc4 52. Ke3 Be6 53. Bd4 Bd5 54. Be5 Be6 55. Ke4 Bd5+ 56. Kf4 Kd3 57. Bd4 Kc4 58. Ke3 Be6 59. f4 Bf5 60. Bf6 Kd5 61. Be5 Kc4 62. Bf6 Kd5 63. Be5 Kc4 64. Bf6 1/2-1/2

[Event "*** Titled Tuesday Blitz"]
[Site "Chess.com"]
[Date "2021.02.09"]
[Round "9"]
[White "Kale36"]
[Black "c_r_e_e_p_e_r"]
[Result "0-1"]
[WhiteElo "2236"]
[BlackElo "2382"]
[TimeControl "180+1"]
[EndTime "11:45:33 PST"]
[Termination "c_r_e_e_p_e_r won by resignation"]

1. b3 a5 2. a3 a4 3. b4 Nf6 4. e3 e5 5. c4 d5 6. Nf3 e4 7. Nd4 Nc6 8. Nxc6 bxc6 9. Nc3 Be7 10. Bb2 O-O 11. Be2 Be6 12. c5 d4 13. exd4 Qxd4 14.
Nxa4 Qd5 15. Nc3 Qg5 16. g3 Bh3 17. Bf1 Qf5 18. Bxh3 Qxh3 19. Qe2 Rfe8 20. O-O-O Qe6 21. d3 Bf8 22. Qc2 e3 23. Rhe1 Ng4 24. fxe3 Nxe3 25.
Qd2 Qh6 26. Kb1 Nxd1 27. Qxd1 Rxe1 28. Qxe1 Qxh2 29. Ne4 Qh3 30. Qc3 Qf5 31. Qe1 h6 32. Qe2 Qe6 33. g4 Rd8 34. Kc2 Qg6 35. Qf3 Be7 36.
Bc3 Rf8 37. Ng3 Bg5 38. Nf5 Bf6 39. d4 Bg5 40. Kb3 Qe6+ 41. Kb2 g6 42. Ng3 Qe3 43. Qxe3 Bxe3 44. Ne4 Bg5 45. a4 f5 46. gxf5 gxf5 47. Nf2 Bh4 48. Be1 Re8 49. Nd3 Bxe1 50.
Ne5 Bxb4 51. Nxc6 Bd2 52. Kc2 Be1 53. Kd3 f4 54. a5 f3 55. a6 f2 56. a7 f1=Q+ 57.
Kc2 Qc4+ 0-1

[Event "*** Titled Tuesday Blitz"]
[Site "Chess.com"]
[Date "2021.02.09"]
[Round "9"]
[White "Noam_Vitenberg"]
[Black "ecwinslow"]
[Result "1-0"]
[WhiteElo "2406"]
[BlackElo "2261"]
[TimeControl "180+1"]
[EndTime "11:45:36 PST"]
[Termination "Noam_Vitenberg won by resignation"]

1. b3 e5 2. Bb2 d6 3. e3 Nf6 4. Nf3 g6 5. d4 exd4 6. Nxd4 Bg7 7. Be2 O-O 8. O-O Re8 9. c4 Nbd7 10. Nc3 Nc5 11. Rc1 c6 12. Bf3 a5 13. Qd2 a4 14.
b4 a3 15. Ba1 Nce4 16. Nxe4 Nxe4 17. Qc2 Qe7 18. Rfd1 c5 19. Nb5 Bxa1 20. Rxa1 Bf5 21. Qb3 cxb4 22. Qxb4 Nxf2 23. Kxf2 Qxe3+ 24. Kg3 Qg5+ 25. Kf2 Qe3+ 26. Kf1 Bd3+ 27. Rxd3 Qxd3+ 28. Kg1 Rad8 29. Re1 Rxe1+ 30. Qxe1 Qxc4 31. Qb1 Rc8 32. h3 d5 33. Kh1 Qc1+ 34. Qxc1 Rxc1+ 35. Kh2 Rc5 36. Nd4 b5 37.
Nb3 Rc2 38. Nd4 Rxa2 39. Nxb5 Rb2 40. Nxa3 d4 41. Nc4 Ra2 42. Bd5 d3 43. Bf3 Rc2 44. Ne3 Rc5 45. Kg3 d2 46. Nd1 Re5 47. Kf2 f5 48. Ne3 Kg7 49. g3 g5 50. Nc4 Re7 51. Nxd2 f4 52. gxf4 gxf4 53. Ne4 Kg6 54. Nc3 Kf5 55.
Nd5 Ke5 56. Nxe7 1-0

[Event "*** Titled Tuesday Blitz"]
[Site "Chess.com"]
[Date "2021.02.09"]
[Round "9"]
[White "aa175"]
[Black "Taran2004"]
[Result "0-1"]
[WhiteElo "2591"]
[BlackElo "2479"]
[TimeControl "180+1"]
[EndTime "11:45:37 PST"]
[Termination "Taran2004 won by resignation"]

1. d4 Nf6 2. Nf3 g6 3. Bf4 Bg7 4.
e3 O-O 5. Be2 d6 6. O-O Nbd7 7.
c4 b6 8. Nc3 Bb7 9. Qc2 c5 10.
d5 a6 11. a4 Ne8 12. a5 b5 13. cxb5 axb5 14. Bxb5 Nc7 15. Bc4 Na6 16. e4 Nb4 17.
Qe2 Rxa5 18. Rxa5 Qxa5 19. Ne1 Ba6 20. Bxa6 Qxa6 21. Qxa6 Nxa6 22. Nc2 Rb8 23. Na4 Nb6 24. b3 Nxa4 25. bxa4 Rb2 26. Ne3 Ra2 27. Rb1 Nb4 28. Nc4 Rxa4 29. Bd2 h6 30. Kf1 Nxd5 31. Nxd6 exd6 32.
exd5 Rd4 33. Rb8+ Kh7 34. Ke2 Rxd5 35. Rb7 Re5+ 36. Kd3 Rf5 37. f3 g5 38. Ke4 Kg6 39.
Rd7 Re5+ 40. Kd3 d5 41. g4 c4+ 42. Kc2 Re2 43. Rd6+ Kh7 44. Kd1 Rxh2 45. Rxd5 c3 46. Bc1 c2+ 47. Ke1 Rh1+ 48. Kd2 Rh2+ 49. Kd3 Kg6 50.
Rd6+ f6 51. Rd7 Bf8 52. Rc7 Bd6 53. Rc6 Bf4 54. Bxf4 gxf4 55. Rxc2 Rxc2 56. Kxc2 Kg5 57.
Kd3 Kh4 58. Ke4 Kg3 59. Kf5 Kxf3 60. Kxf6 Kxg4 61. Kg6 f3 62. Kg7 f2 63. Kf7 f1=Q+ 64. Ke8 Qf6 65. Kd7 Qe5 66. Kc6 Qd4 67. Kb5 Qc3 68. Kb6 Qc4 69. Kb7 Qc5 70. Ka8 Qb5 0-1

[Event "*** Titled Tuesday Blitz"]
[Site "Chess.com"]
[Date "2021.02.09"]
[Round "9"]
[White "bazar-wokzal"]
[Black "Gloomy_Wanderer"]
[Result "0-1"]
[WhiteElo "2552"]
[BlackElo "2738"]
[TimeControl "180+1"]
[EndTime "11:45:43 PST"]
[Termination "Gloomy_Wanderer won by resignation"]

1. e4 c5 2. c3 a6 3. d4 cxd4 4. cxd4 d5 5. e5 Nc6 6. Nc3 Bf5 7. Nf3 e6 8. Be3 Qb6 9. Qd2 Rc8 10. Be2 Bb4 11.
O-O Na5 12. Nh4 Ne7 13. Bg5 Bg6 14. Rac1 Nc4 15. Bxc4 Rxc4 16. Bxe7 Bxe7 17. Nxg6 hxg6 18. Ne2 O-O 19. b3 Rxc1 20. Rxc1 Qb5 21. g3 Bb4 22. Qe3 Qd7 23. Kg2 Rc8 24. h4 Ba3 25. Rxc8+ Qxc8 26. Qc3 Qxc3 27. Nxc3 f6 28. f4 Kf7 29. Kf3 Bb4 30. Ne2 Ke7 31. Ke3 Kf7 32.
Kd3 Kg8 33. Ke3 Be7 34. Nc3 Kf7 35. Na4 Ke8 36. Kd3 Kd7 37. Nc3 Kc6 38. a4 Bb4 39.
Na2 Be1 40. exf6 gxf6 41. g4 Bxh4 42. f5 gxf5 43. gxf5 e5 44. Nc3 e4+ 45. Ke2 Bg3 46. Nd1 Bf4 47. Nf2 Kd6 48. Ng4 Bg5 49. Kf2 Ke7 50.
Ke2 Bf4 51. Kd1 Bc7 52. Kc2 Bf4 53. b4 b5 54. Kb3 bxa4+ 55. Kxa4 e3 0-1

[Event "*** Titled Tuesday Blitz"]
[Site "Chess.com"]
[Date "2021.02.09"]
[Round "9"]
[White "MFguimaraes"]
[Black "ChessQueen"]
[Result "0-1"]
[WhiteElo "2422"]
[BlackElo "2787"]
[TimeControl "180+1"]
[EndTime "11:45:44 PST"]
[Termination "ChessQueen won by resignation"]

1. e4 c6 2. Bc4 d5 3. Bb3 e6 4.
Nc3 Nf6 5. e5 Nfd7 6. d4 c5 7.
Be3 Nc6 8. Nf3 a6 9. dxc5 Ndxe5 10. Nxe5 Nxe5 11. Qh5 Nd7 12. O-O-O Nf6 13. Qe2 Be7 14. g4 O-O 15. g5 Nd7 16. h4 Bxc5 17. h5 d4 18. Ne4 dxe3 19. Nxc5 Qc7 20. Nxd7 Bxd7 21. Qxe3 a5 22. c3 Bc6 23. Rh4 Rad8 24. Rg1 Kh8 25.
g6 Qe7 26. Rhg4 f5 27. Rg5 f4 28. Qe5 h6 29. R5g4 Qf6 30. Qxe6 Qxe6 31. Bxe6 Rde8 32. Bc4 Re5 33. a3 Rxh5 34. Re1 Rh1 35. Rgg1 Rxg1 36.
Rxg1 b5 37. Bf7 Be4 38. Re1 Bd3 39. Re5 Rd8 40. Rd5 Rxd5 41. Bxd5 Bxg6 42. b4 axb4 43. axb4 Be8 44. c4 bxc4 45. Bxc4 Bc6 46. b5 Bb7 47. Kd2 g5 48. Kc3 Kg7 49. Kd4 Kf6 50.
Bd5 Bc8 51. b6 h5 52. b7 Bxb7 53. Bxb7 g4 54. Ke4 Kg5 55. Bc8 h4 56. Bb7 h3 57.
Kd3 f3 58. Bxf3 gxf3 59. Ke3 h2 60. Kxf3 h1=Q+ 61. Ke3 Qd5 62. f3 Kf5 0-1

[Event "*** Titled Tuesday Blitz"]
[Site "Chess.com"]
[Date "2021.02.09"]
[Round "9"]
[White "GianmarcoVaR"]
[Black "Alindsay211"]
[Result "0-1"]
[WhiteElo "2570"]
[BlackElo "2448"]
[TimeControl "180+1"]
[EndTime "11:45:45 PST"]
[Termination "Alindsay211 won by resignation"]

1. e4 e6 2. d4 d5 3. Nd2 c5 4.
exd5 Qxd5 5. Ngf3 cxd4 6. Bc4 Qd8 7. O-O Nf6 8. Nb3 Nc6 9. Nbxd4 Nxd4 10. Qxd4 Qxd4 11. Nxd4 Bd7 12. Be2 Be7 13. c3 O-O-O 14. a4 a6 15. a5 Bd6 16. Bg5 h6 17. Bh4 g5 18. Bg3 e5 19. Bc4 exd4 20. Bxd6 Bb5 21. Bxb5 Rxd6 22. Bc4 dxc3 23. bxc3 Nd5 24. Rfe1 Rhd8 25.
g3 f5 26. Re5 Nxc3 27. Rxf5 Rd1+ 28. Rxd1 Rxd1+ 29. Kg2 Rd6 30. Rf7 b5 31. axb6 Rxb6 32. Ra7 Nb5 33. Ra8+ Kb7 34. Bd5+ Kc7 35. Kh3 Rf6 36.
Kg2 Kb6 37. Bc4 Nc7 38. Rb8+ Kc5 39. Be2 a5 40. Rb7 Kc6 41. Rb1 Nd5 42. Bf3 Rf5 43. Rb8 Kc5 44. Rc8+ Kb4 45. Rb8+ Ka3 46. Rh8 Kb4 47.
Rxh6 a4 48. Rd6 Nc3 49. Rd4+ Kc5 50. Rd3 Kc4 51. Rd8 a3 52. Ra8 Kb3 53. Bg4 Rb5 54.
h4 gxh4 55. gxh4 Rb6 56. h5 a2 57. Bf5 Rf6 58. Bg6 Nb5 59. Rb8 a1=Q 60. Rxb5+ Kc4 61. Rg5 Qd4 62. f3 Qd2+ 0-1

[Event "*** Titled Tuesday Blitz"]
[Site "Chess.com"]
[Date "2021.02.09"]
[Round "9"]
[White "igorcadilhac"]
[Black "xberli"]
[Result "1-0"]
[WhiteElo "2326"]
[BlackElo "2449"]
[TimeControl "180+1"]
[EndTime "11:45:47 PST"]
[Termination "igorcadilhac won by resignation"]

1. e4 d5 2. exd5 c6 3. dxc6 Nxc6 4. Nf3 e5 5. Bb5 e4 6. Qe2 Nf6 7. Ne5 Qc7 8. d4 Bd6 9. Bf4 O-O 10. Bxc6 bxc6 11. Nc3 Nd5 12. Bg3 e3 13. fxe3 Nxc3 14. bxc3 f6 15. Nd3 Bxg3+ 16. hxg3 Qxg3+ 17. Qf2 Qd6 18.
Qf4 Qd5 19. Qf3 Bf5 20. Kd2 Be4 21. Qh3 a5 22. Nf4 Qf5 23. Qxf5 Bxf5 24. Rh5 g6 25. Rh6 Rab8 26. Nd3 Rfe8 27. Rah1 g5 28. Rxf6 Bg6 29. Rxc6 a4 30. Rc5 a3 31. Rxg5 Ra8 32. Ne5 Kg7 33. Nxg6 hxg6 34. Rc5 Reb8 35. Rc7+ Kf6 36. Rf1+ Kg5 37. Rf4 Rb2 38. Rc5+ Kh6 39. Rh4+ Kg7 40. Rc7+ Kf6 41. Rf4+ Kg5 42. Rh7 Rxa2 43. Ke2 Rxc2+ 44. Kf3 Rf2+ 45. Kxf2 a2 46. Rh1 a1=Q 47. Rxa1 Rxa1 48. c4 Rc1 49. c5 Kh5 50. Kf3 g5 51. Rf5 Kg6 52.
Ke4 Rc2 53. Re5 Rxg2 54. c6 Rc2 55. Rc5 Ra2 56. c7 Ra8 57. c8=Q Rxc8 58. Rxc8 g4 59. Rg8+ Kh5 60. Rxg4 Kxg4 61. d5 Kg3 62. d6 Kf2 63. d7 Ke2 64. d8=Q Ke1 1-0

[Event "*** Titled Tuesday Blitz"]
[Site "Chess.com"]
[Date "2021.02.09"]
[Round "9"]
[White "ShahMatKanal"]
[Black "LilRag"]
[Result "0-1"]
[WhiteElo "2481"]
[BlackElo "2607"]
[TimeControl "180+1"]
[EndTime "11:45:48 PST"]
[Termination "LilRag won by resignation"]

1. d4 Nf6 2. Nf3 e6 3. g3 b6 4. Bg2 Bb7 5. O-O Be7 6. c4 O-O 7. Nc3 d5 8. b3 dxc4 9. bxc4 c5 10. d5 exd5 11. Nh4 Ne4 12. Nxd5 Bxd5 13. cxd5 Nd6 14. e4 Bf6 15. Rb1 Re8 16. Qg4 Nd7 17.
Nf5 Nxf5 18. Qxf5 Bd4 19. Kh1 Ne5 20. Bb2 g6 21. Qh3 Bxb2 22. Rxb2 Qf6 23. Rc2 Nd3 24. f4 Nb4 25. e5 Qf5 26. Qxf5 gxf5 27. Rd2 Rad8 28.
a3 Na6 29. Bh3 f6 30. e6 Rxe6 31. dxe6 Rxd2 32. Bxf5 Nc7 33. Re1 Rd5 34. Be4 Rd6 35. f5 Kf8 36. g4 Ke7 37. Re2 Rd4 38. Kg2 Nb5 39. Re3 Nd6 40. Bc6 Nc4 41. Rg3 Ne5 42.
Bf3 Rd2+ 43. Kg1 c4 44. h4 c3 45. Be4 c2 46. Bxc2 Rxc2 47. g5 fxg5 48. hxg5 Rc1+ 49. Kg2 Rc4 50. g6 hxg6 51. fxg6 Rc8 52. Rg5 Nc6 53. g7 Rg8 54. Rg6 Nd8 55. Kf3 Nxe6 56.
Ke4 Rxg7 57. Rxg7+ Nxg7 58. Kd5 Kd7 59. Kc4 Kc7 60.
Kb4 Ne8 61. a4 Nd6 62. a5 b5 63. a6 Kb6 0-1

[Event "*** Titled Tuesday Blitz"]
[Site "Chess.com"]
[Date "2021.02.09"]
[Round "9"]
[White "BogdanDeac"]
[Black "bangchess21"]
[Result "1-0"]
[WhiteElo "2985"]
[BlackElo "2734"]
[TimeControl "180+1"]
[EndTime "11:45:49 PST"]
[Termination "BogdanDeac won by resignation"]

1. b3 d5 2. Bb2 Bg4 3. Nf3 Bxf3 4.
exf3 Nf6 5. g3 e6 6. Bg2 g6 7. O-O Bg7 8. f4 O-O 9. d3 c5 10. Nd2 Nc6 11. c4 Rc8 12. Nf3 b6 13. Qe2 dxc4 14.
dxc4 Qc7 15. Ne5 Nxe5 16. fxe5 Nd7 17. f4 Nb8 18. Rfd1 Rcd8 19. Qf3 h6 20. a3 Rfe8 21. Qb7 Qxb7 22. Bxb7 Bf8 23. Kg2 Be7 24. Kf3 h5 25. h3 Rxd1 26. Rxd1 Rd8 27. Rxd8+ Bxd8 28. b4 Be7 29. b5 Nd7 30. Bc8 Nf8 31. a4 Bd8 32. g4 hxg4+ 33. hxg4 Kg7 34. Bc1 Kg8 35.
f5 gxf5 36. gxf5 exf5 37. Bxf5 Ne6 38. Ke4 Nd4 39. Bg4 Bc7 40. Kd5 Kf8 41. a5 Ke7 42.
axb6 axb6 43. Bg5+ Ke8 44. Bf6 Bd8 45. Kd6 Bxf6 46.
exf6 Kd8 47. Bh5 Nf5+ 48. Kc6 Ke8 49. Kxb6 Nd6 50. Kxc5 Ne4+ 51. Kc6 Nxf6 52. b6 Nd7 53. Bxf7+ Kd8 54. Be6 Nb8+ 55. Kd6 Na6 56. c5 Nb8 57. c6 1-0

[Event "*** Titled Tuesday Blitz"]
[Site "Chess.com"]
[Date "2021.02.09"]
[Round "9"]
[White "Vugar_Manafov"]
[Black "Rsnr"]
[Result "0-1"]
[WhiteElo "2662"]
[BlackElo "2785"]
[TimeControl "180+1"]
[EndTime "11:45:49 PST"]
[Termination "Rsnr won by resignation"]

1. Nf3 d5 2. g3 c6 3. Bg2 Bf5 4. O-O e6 5. d3 h6 6. Nbd2 Nf6 7. b3 Be7 8. Bb2 O-O 9. c4 a5 10. a3 Bh7 11. Rc1 Nbd7 12. Rc2 b5 13. cxb5 cxb5 14.
Nd4 Qb6 15. Rc6 Qb7 16. Qc2 Bd8 17. Rc1 Bb6 18. e3 Ne5 19. Nxe6 Nxd3 20. Nxf8 Rxf8 21. Bxf6 gxf6 22. Bxd5 Nb4 23. Rxb6 Qxb6 24. Qc5 Nxd5 25. Qxd5 Rd8 26. Qh5 Rxd2 27. Qxh6 Qe6 28. a4 b4 29. Qf4 Be4 30. h4 Qf5 31. Qxf5 Bxf5 32. Rc5 Be4 33. f3 Bxf3 34. Rxa5 Rb2 35. Rb5 Rxb3 36.
a5 Be4 37. a6 Rb1+ 38. Kf2 b3 39. a7 b2 40. Rb4 Ra1 41. Rxb2 Rxa7 42. g4 Kg7 43.
Kg3 Bg6 44. Rb4 Re7 45. Kf4 Ra7 46. Rd4 Bc2 47. Rc4 Ra4 48. Rxa4 Bxa4 49. e4 Bd7 50. g5 Kg6 51. gxf6 Kxf6 52. h5 Be6 53. e5+ Kg7 54.
Kg5 Bd5 55. Kf5 Kh6 56. Kg4 Be6+ 57. Kh4 Bf5 58. Kg3 Kxh5 59. Kf4 Be6 0-1